 Dungeon Crawl Stone Soup version 0.30-a0-629-gd54f4be4f7 (webtiles) character file.

Game seed: 160761066355010247

2 kae the Insei (level 1, 0/15 HPs)
             Began as a Demonspawn Transmuter on Jan 12, 2023.
             Slain by a kobold
             ... wielding a +3 dagger of holy wrath
              (6 damage)
             ... on level 1 of the Dungeon.
             The game lasted 00:00:11 (104 turns).

kae the Insei (Demonspawn Transmuter)                Turns: 104, Time: 00:00:11

Health: 0/15       AC:  2    Str: 10    XL:     1   Next: 33%
Magic:  1/3        EV: 12    Int: 14    God:
Gold:   0          SH:  0    Dex: 13    Spells: 3/4 levels left

rFire   . . .      SeeInvis .      - Unarmed
rCold   . . .      Faith    .    (no shield)
rNeg    . . .      Spirit   .    a - +0 robe
rPois   .          Reflect  .    (helmet currently unavailable)
rElec   .          Harm     .    (no cloak)
rCorr   .          Rampage  .    (no gloves)
Will    .....                    (boots currently unavailable)
Stlth   +                        (no amulet)
HPRegen 0.22/turn                (no ring)
MPRegen 0.08/turn                (no ring)

@: appendages (expiring)
A: horns 2, talons 2
a: End Transformation


You were on level 1 of the Dungeon.
You had temporarily grown beastly horns and talons.
You visited 1 branch of the dungeon, and saw 1 of its levels.


Innate Abilities, Weirdness & Mutations

You have temporarily grown beastly horns and talons.


   Skills:
 - Level 1.0 Fighting
 - Level 1.7 Dodging
 + Level 2.7 Unarmed Combat
 + Level 2.0 Spellcasting
 * Level 1.9 Transmutations


You had 3 spell levels left.
You knew the following spells:

 Your Spells              Type           Power      Damage    Failure   Level
a - Beastly Appendage     Tmut           12%        N/A       11%         1

Your spell library contained the following spells:

 Spells                   Type           Power      Damage    Failure   Level
 Wereblood                Tmut           6%         N/A       16%         2
 Spider Form              Tmut/Pois      4%         N/A       43%         3
 Ice Form                 Ice/Tmut       4%         N/A       85%         4

Inventory:

Armour
 a - a +0 robe (worn)
Potions
 b - a potion of lignification {!q}

Dungeon Overview and Level Annotations

Branches:
Dungeon (1/15) Zot: 5895

Altars:

.... #. .# #.. .... ..
....##..# .....#.
#...##..# .....#.
#......# #......
#..#...# #......
#......#
......†####..#...#####
......K@.............#
.###.........#...###.#
########..#.......##
#######..##..###..##
....................
#######..##..###.###
#..##.####.#
#..##.#....###
#..##.#####...


You could see a kobold.


Message History

You hit the ball python but do no damage.
The ball python bites you.
The ball python constricts you. 😮 HP[-1]
You take 1 damage, and now have 10/15 hp.
You hit the ball python but do no damage.
The ball python barely misses you. The ball python constricts you.
Unknown command.
You closely miss the ball python. The ball python closely misses you.
The ball python constricts you. 😮 HP[-1]
You take 1 damage, and now have 9/15 hp.
You barely miss the ball python. The ball python bites you.
The ball python constricts you. 😮 HP[-1]
You take 1 damage, and now have 8/15 hp.
Unknown command.
You barely miss the ball python. The ball python bites you.
* * * LOW HITPOINT WARNING * * *
The ball python constricts you.
The ball python bites you but does no damage.
The ball python constricts you.
Casting: Beastly Appendage (safe; 12% risk of failure)
Confirm with . or Enter, or press ? or * to list all spells.
You grow a pair of large bovine horns.
Your feet morph into talons.
The ball python bites you.
* * * LOW HITPOINT WARNING * * *
The ball python constricts you.
The ball python bites you but does no damage.
The ball python constricts you.
You closely miss the ball python. The ball python closely misses you.
The ball python constricts you.
* * * LOW HITPOINT WARNING * * *
😨 HP[-2] MP[-1]
You take 2 damage, and now have 6/15 hp.
You lost 1 mp, and now have 2/3 mp.
Unknown command.
You hit the ball python.
You kill the ball python!
Unknown command.
You start resting.
Your transformation is almost over. 😮 HP[+2] MP[+1]
You regained 2 hp, and now have 8/15 hp.
Your mp is fully restored (3).
Your horns disappear.
Your talons disappear.
A rat comes into view. 😕 HP[+5]
You regained 5 hp, and now have 13/15 hp.
Unknown command.
A rat is nearby!
Unknown command.
A rat is nearby!
A rat is nearby!
Casting: Beastly Appendage (safe; 11% risk of failure)
Confirm with . or Enter, or press ? or * to list all spells.
You miscast Beastly Appendage.
You are very lightly contaminated with residual magic.
Nothing appears to happen. 😕 MP[-1]
You lost 1 mp, and now have 2/3 mp.
A kobold comes into view.
It is wielding a +3 dagger of holy wrath.
The rat bites you. 😮 HP[-2]
You take 2 damage, and now have 11/15 hp.
You closely miss the rat. The rat bites you.
You are too injured to fight recklessly! 😮 HP[-1]
You take 1 damage, and now have 10/15 hp.
There are monsters nearby!
You are too injured to fight recklessly!
You are too injured to fight recklessly!
There are monsters nearby!
Unknown command.
There are monsters nearby!
You are too injured to fight recklessly!
You are too injured to fight recklessly!
Casting: Beastly Appendage (safe; 11% risk of failure)
Confirm with . or Enter, or press ? or * to list all spells.
You grow a pair of large bovine horns.
Your feet morph into talons.
The rat barely misses you. The rat closely misses you. 😮 MP[-1]
You lost 1 mp, and now have 1/3 mp.
You barely miss the rat. The rat bites you. 😮 HP[-1]
You take 1 damage, and now have 9/15 hp.
You hit the rat but do no damage. The rat bites you.
* * * LOW HITPOINT WARNING * * *
Your magical contamination has completely faded away. 😨 HP[-3]
You take 3 damage, and now have 6/15 hp.
You hit the rat.
You kill the rat!
The kobold barely misses you.
You miss the kobold. You claw the kobold, but do no damage.
The kobold closely misses you.
You hit the kobold but do no damage.
Your transformation is almost over.
The kobold hits you with a +3 dagger of holy wrath.
You die...

Action                   || total
-------------------------++-------
Melee: Unarmed           ||    14
       Kick              ||     1
 Cast: Beastly Appendage ||     3
Armor: Robe              ||     2
Dodge: Dodged            ||     9

Levels and vault maps discovered:
D:1:      tarquinn_simple_flora_water_a, layout_basic, basic_ecumenical_altar

Notes
Turn   | Place    | Note
-------+----------+-------------------------------------------
     0 | D:1      | kae the Demonspawn Transmuter began the quest for the Orb.
     0 | D:1      | Reached XP level 1. HP: 15/15 MP: 3/3
     0 | D:1      | magus.rc [v1.11.3]
   104 | D:1      | Slain by a kobold

Vanquished Creatures
  A ball python (D:1)
  2 rats (D:1)
3 creatures vanquished.

Table legend:
 A = Non-vault XP
 B = Vault XP
 C = Vault XP percentage of total XP
 D = Non-vault monster count
 E = Vault monster count
 F = Vault count percentage of total count
                 A         B        C        D         E       F
            +---------+---------+-------+---------+---------+-------
      Total |       4 |       0 |   0.0 |       3 |       0 |   0.0
            +---------+---------+-------+---------+---------+-------
        D:1 |       4 |       0 |   0.0 |       3 |       0 |   0.0
            +---------+---------+-------+---------+---------+-------

Illustrated notes

Table legend:
 A = Kills in this place as a percentage of kills in entire the game.
 B = Kills by you in this place as a percentage of kills by you in the entire game.
 C = Kills by friends in this place as a percentage of kills by friends in the entire game.
 D = Other kills in this place as a percentage of other kills in the entire game.
 E = Experience gained in this place as a percentage of experience gained in the entire game.
 F = Experience gained in this place divided by the number of levels of this place that you have seen.
                   A       B       C       D       E      F
               +-------+-------+-------+-------+-------+----------------------
         Total | 100.0 | 100.0 |   N/A |   N/A | 100.0 |   4.0
       Dungeon | 100.0 | 100.0 |   N/A |   N/A | 100.0 |   4.0
               +-------+-------+-------+-------+-------+----------------------

Table legend: (Time is in decaauts)
 A = Elapsed time spent in this place.
 B = Non-inter-level travel time spent in this place.
 C = Inter-level travel time spent in this place.
 D = Time resting spent in this place.
 E = Time spent auto-exploring this place.
 F = Levels seen in this place.
 G = Mean time per level.
                   A        B        C        D        E       F      G
               +--------+--------+--------+--------+--------+-----+--------+
         Total |    103 |    103 |      0 |      8 |     64 |   1 |  103.0 |
       Dungeon |    103 |    103 |      0 |      8 |     64 |   1 |  103.0 |
               +--------+--------+--------+--------+--------+-----+--------+

Top non-repeatable levels by time:
     D:1: 103 daAuts
